 Dungeon Crawl Stone Soup version 0.18-a0-1426-g3b9a63c (webtiles) character file.

4104 Kidiri the Thaumaturge (level 10, -4/56 HPs)
             Began as a Deep Elf Fire Elementalist on Feb 28, 2016.
             Was a Believer of Vehumet.
             Killed from afar by an electric eel (14 damage)
             ... with a bolt of electricity
             ... on level 8 of the Dungeon.
             The game lasted 00:37:01 (9762 turns).

Kidiri the Thaumaturge (Deep Elf Fire Elementalist) Turns: 9762, Time: 00:37:02

Health: -4/56      AC:  7    Str:  5    XL:     10   Next: 6%
Magic:  24/25      EV: 15    Int: 24    God:    Vehumet [**....]
Gold:   260        SH:  0    Dex: 15    Spells: 10 memorised, 1 level left

rFire  . . .     SeeInvis .     z - +2 short sword (drain)
rCold  . . .     Gourm    .     a - +1 robe
rNeg   . . .     Faith    .     (no shield)
rPois  .         Spirit   .     (no helmet)
rElec  .         Dismiss  .     d - +0 cloak
rCorr  .         Reflect  .     i - +1 pair of gloves {archery}
SustAt .         Harm     .     f - +0 pair of boots
MR     +....                    (no amulet)
Stlth  +++.......               (no ring)
                                B - ring of wizardry

@: somewhat resistant to hostile enchantments, fairly stealthy
A: no striking features
a: Renounce Religion


You were on level 8 of the Dungeon.
You worshipped Vehumet.
Vehumet was pleased with you.
You were not hungry.

You visited 2 branches of the dungeon, and saw 9 of its levels.

You collected 260 gold pieces.

Inventory:

Hand Weapons
 h - a +0 dagger of pain
 t - a +0 rapier
 z - a +2 short sword of draining (weapon)
Missiles
 r - 135 stones (quivered)
Armour
 a - a +1 robe (worn)
 d - a +0 cloak (worn)
 f - a +0 pair of boots (worn)
 i - a +1 pair of gloves of archery (worn)
 v - a +2 large shield
Jewellery
 B - a ring of wizardry (left hand)
Wands
 b - a wand of digging (9/24)
 g - a wand of random effects (48/48)
Scrolls
 e - 5 scrolls of remove curse
 l - a scroll of noise
 n - a scroll of silence {unknown}
 s - 2 scrolls of fog {unknown}
 y - a scroll of enchant weapon {unknown}
Potions
 j - a potion of brilliance
 k - a potion of mutation {unknown}
 m - a potion of heal wounds
 o - a potion of haste
 p - 4 potions of curing
 q - 2 potions of flight {unknown}
 u - a potion of berserk rage
 x - a potion of beneficial mutation {unknown}
 A - 2 potions of agility {unknown}
Comestibles
 c - 11 bread rations
 w - 5 chunks of flesh


   Skills:
 + Level 4.0 Fighting
 + Level 6.1 Dodging
 + Level 6.3 Stealth
 + Level 1.4 Shields
 * Level 9.5 Spellcasting
 + Level 5.3 Conjurations
 + Level 6.1 Hexes
 + Level 2.2 Charms
 + Level 6.2 Fire Magic
 + Level 2.5 Ice Magic
 + Level 3.1 Earth Magic
 + Level 0.2 Poison Magic


You had one spell level left.
You knew the following spells:

 Your Spells              Type           Power        Failure   Level  Hunger
a - Flame Tongue          Conj/Fire      #####        1%          1    None
b - Throw Flame           Conj/Fire      #####.       1%          2    None
c - Conjure Flame         Conj/Fire      #####...     1%          3    None
d - Inner Flame           Hex/Fire       #####...     1%          3    None
e - Sticky Flame          Conj/Fire      #####...     2%          4    ##.....
f - Fireball              Conj/Fire      #####.....   7%          5    ####...
g - Sandblast             Erth           ####..       1%          1    None
h - Ozocubu's Armour      Chrm/Ice       ###.....     4%          3    None
i - Throw Icicle          Conj/Ice       ####....     6%          4    ##.....
j - Sting                 Conj/Pois      ###.         1%          1    None


Dungeon Overview and Level Annotations

Branches:
Dungeon (8/15)             Temple (1/1) D:4
   Lair: D:8-11

Altars:
Ashenzari
Cheibriados
Dithmenos
Elyvilon
Fedhas
Gozag
Kikubaaqudgha
Makhleb
Nemelex Xobeh
Okawaru
Pakellas
Qazlal
Ru
Trog
Vehumet
Xom
Yredelemnul
Zin
The Shining One


Message History

An electric eel comes into view.
The electric eel shoots out a bolt of lightning at you!
The bolt of electricity hits the plant.
The bolt of electricity hits you!
* * * LOW HITPOINT WARNING * * *
Unknown command.
Read which item? (? for menu, Esc to quit)
Okay, then.
Unknown command.
Drink which item? (? for menu, Esc to quit)
You feel better.
The electric eel shoots out a bolt of lightning at you!
The bolt of electricity hits the plant.
The bolt of electricity hits you!
* * * LOW HITPOINT WARNING * * *
Unknown command.
The electric eel shoots out a bolt of lightning at you!
The bolt of electricity hits the plant.
The bolt of electricity misses you.
Unknown command.
The electric eel shoots out a bolt of lightning at you!
The bolt of electricity hits the plant.
The bolt of electricity hits you!
You die...

#....#≈≈≈P≈≈≈≈ ..
###....#≈P≈≈≈≈≈≈ ...
...%...♣≈P≈≈≈≈≈
....###.....≈♣≈≈≈≈≈≈
..........≈%♣≈≈≈≈≈≈≈
.....#...≈≈.P≈≈≈;;≈≈
..........≈..P≈≈≈≈≈≈
##...)..♣♣≈≈≈≈≈
#<...@..♣≈♣ P≈≈
#.......P♣ ≈
#........≈≈≈≈PP
########.≈♣≈♣♣≈ .#♣
≈≈ ## P♣


P You could see 2 electric eels.

Vanquished Creatures
  Pikel (D:6)
  Grinder (D:5)
  A spriggan (D:7)
  2 orc warriors
  4 slaves (D:6)
  Duvessa (D:6)
  2 ice beasts
  A phantom (D:4)
  5 ogres
  A necrophage (D:7)
  7 centaurs
  2 giant frogs (D:7)
  A water moccasin zombie (D:7)
  Dowan (D:6)
  4 killer bees (D:7)
  A scorpion (D:4)
  An electric eel (D:8)
  The ghost of Amnesiac the Changer, a weakling OpTm (D:3)
  3 howler monkeys
  A giant frog zombie (D:7)
  A crimson imp (D:6)
  3 jellies
  Crazy Yiuf (D:6)
  5 hounds
  5 orc priests
  2 giant frog skeletons
  An orc wizard (D:7)
  An iguana (D:7)
  5 worker ants
  A killer bee zombie (D:7)
  A hound skeleton (D:5)
  A worker ant zombie (D:5)
  3 gnolls (D:6)
  10 adders
  3 shadow imps
  An adder zombie (D:5)
  3 worms
  2 dart slugs
  7 giant geckos
  12 orcs
  6 giant cockroaches
  8 goblins
  8 hobgoblins
  5 jackals
  3 kobolds
  3 quokkas
  2 ball pythons
  4 bats
  4 giant newts
  A jackal skeleton (D:4)
  A jackal zombie (D:7)
  A quokka skeleton (D:5)
  9 rats
164 creatures vanquished.

Notes
Turn   | Place    | Note
--------------------------------------------------------------
     0 | D:1      | Kidiri the Deep Elf Fire Elementalist began the quest for the Orb.
     0 | D:1      | Reached XP level 1. HP: 10/10 MP: 6/6
   318 | D:1      | Reached XP level 2. HP: 16/16 MP: 5/8
   325 | D:1      | Learned a level 2 spell: Throw Flame
   957 | D:2      | Reached XP level 3. HP: 20/20 MP: 5/9
   962 | D:2      | Learned a level 3 spell: Inner Flame
  1231 | D:2      | Learned a level 3 spell: Conjure Flame
  1535 | D:2      | Found a white marble altar of Elyvilon.
  1757 | D:2      | Reached skill level 1 in Fighting
  1845 | D:3      | Reached skill level 1 in Hexes
  1898 | D:3      | Reached XP level 4. HP: 25/25 MP: 6/11
  2062 | D:3      | Reached skill level 4 in Spellcasting
  2166 | D:3      | Noticed Amnesiac's ghost (weakling OpTm)
  2181 | D:3      | Killed Amnesiac's ghost
  2682 | D:3      | Found a glowing silver altar of Zin.
  2683 | D:3      | Found a burning altar of Makhleb.
  2684 | D:3      | Noticed an angel
  2686 | D:3      | Noticed a green death
  2687 | D:3      | Reached XP level 5. HP: 29/29 MP: 9/13
  2905 | D:4      | Learned a level 4 spell: Sticky Flame
  2943 | D:4      | Noticed a phantom
  3015 | D:4      | Killed a phantom
  3015 | D:4      | Reached skill level 5 in Spellcasting
  3166 | D:4      | Noticed an ogre
  3174 | D:4      | Reached XP level 6. HP: 33/35 MP: 11/15
  3610 | D:4      | Reached XP level 7. HP: 32/40 MP: 8/17
  3809 | D:4      | Found a sparkling altar of Nemelex Xobeh.
  4051 | D:4      | Found a staircase to the Ecumenical Temple.
  4072 | Temple   | Entered the Ecumenical Temple
  4171 | Temple   | Became a worshipper of Vehumet
  4494 | D:5      | Entered Level 5 of the Dungeon
  4604 | D:5      | Reached skill level 6 in Spellcasting
  4614 | D:5      | Learned a level 5 spell: Fireball
  4800 | D:5      | Found a shimmering altar of Xom.
  4816 | D:5      | Noticed Grinder
  4825 | D:5      | Paralysed by Grinder for 6 turns
  4834 | D:5      | Killed Grinder
  5200 | D:5      | Reached XP level 8. HP: 45/45 MP: 12/20
  5289 | D:5      | Reached skill level 7 in Spellcasting
  5290 | D:5      | Reached skill level 5 in Fire Magic
  5417 | D:5      | Reached * piety under Vehumet
  5417 | D:5      | Offered knowledge of Sandblast by Vehumet.
  5616 | D:5      | Found a glowing golden altar of the Shining One.
  5799 | D:5      | Learned a level 1 spell: Sandblast
  5844 | D:5      | Reached skill level 5 in Stealth
  6236 | D:6      | Reached skill level 1 in Earth Magic
  6428 | D:6      | Noticed Pikel
  6543 | D:6      | Reached skill level 5 in Dodging
  6543 | D:6      | Reached skill level 8 in Spellcasting
  6612 | D:6      | Found an oddly glowing altar of Pakellas.
  6686 | D:6      | Killed Pikel
  6686 | D:6      | Reached skill level 5 in Hexes
  6686 | D:6      | Reached XP level 9. HP: 51/51 MP: 1/23
  6941 | D:6      | Noticed Duvessa
  6941 | D:6      | Noticed Dowan
  6944 | D:6      | Killed Dowan
  6947 | D:6      | Killed Duvessa
  7227 | D:6      | Learned a level 3 spell: Ozocubu's Armour
  7529 | D:6      | Noticed Crazy Yiuf
  7536 | D:6      | Killed Crazy Yiuf
  8011 | D:6      | Reached skill level 9 in Spellcasting
  8190 | D:7      | Reached skill level 1 in Ice Magic
  8335 | D:7      | Learned a level 4 spell: Throw Icicle
  8513 | D:7      | Reached skill level 1 in Charms
  8555 | D:7      | Offered knowledge of Sting by Vehumet.
  8569 | D:7      | Reached ** piety under Vehumet
  8800 | D:7      | Reached skill level 1 in Shields
  8800 | D:7      | Reached skill level 5 in Conjurations
  8949 | D:7      | Found a shimmering altar of Xom.
  9622 | D:7      | Reached XP level 10. HP: 56/56 MP: 20/25
  9625 | D:7      | Learned a level 1 spell: Sting
  9762 | D:8      | Killed from afar by an electric eel

Vault maps used:
D:1:      minmay_arrival_five_plusses
D:2:      elyvilon_altar_5, minivault_4
D:3:      grunt_temple_overflow_order_and_chaos_2, first_bread
D:4:      lemuel_round_altar, minmay_temple_entry_glassed_door,
          minmay_misc_feat_hallway
D:5:      tso_altar, basic_altar, uniq_grinder
D:6:      lemuel_crystal_altar, uniq_duvessa, uniq_pikel,
          uniq_crazy_yiuf_cottage
D:7:      kennysheep_mini_moat, grunt_decor_mini_mirrors, the_bakery
D:8:      led_sif_pool, serial_bayou, serial_bayou_pond_a, serial_bayou_lake_a,
          serial_bayou_lagoon_b, serial_bayou_shore_b
Temple:   hc_temple_tempest_star

Skill      XL: |  1  2  3  4  5  6  7  8  9 |
---------------+----------------------------+-----
Fighting       | 1 2 3 4 |  4.0
Hexes          | 1 2 3 5 6 |  6.1
Spellcasting   | 4 5 6 8 9 |  9.5
Dodging        | 3 4 5 6 |  6.1
Conjurations   | 2 3 4 5 |  5.3
Fire Magic     | 4 5 6 |  6.2
Stealth        | 3 4 5 6 |  6.3
Earth Magic    | 2 3 |  3.1
Ice Magic      | 2 |  2.5
Charms         | 2 |  2.2
Shields        | 1 |  1.4
Poison Magic   | |  0.2

Action                   |  1- 3 |  4- 6 |  7- 9 | 10-12 || total
-------------------------+-------+-------+-------+-------++-------
Melee: Dagger            |     6 |     5 |       |       ||    11
       Rapier            |       |    16 |    18 |       ||    34
       Short sword       |       |       |    17 |     4 ||    21
 Cast: Flame Tongue      |    39 |    36 |   171 |     3 ||   249
       Throw Flame       |    21 |    19 |    52 |     4 ||    96
       Conjure Flame     |       |     2 |    12 |       ||    14
       Inner Flame       |       |     1 |    13 |       ||    14
       Sticky Flame      |       |     3 |    18 |       ||    21
       Sandblast         |       |       |    11 |       ||    11
       Fireball          |       |       |     3 |       ||     3
       Ozocubu's Armour  |       |       |     1 |       ||     1
  Use: Scroll            |     4 |     8 |     6 |       ||    18
       Potion            |       |       |       |     1 ||     1
 Stab: Sleeping          |     2 |     2 |     5 |     1 ||    10
       Distracted        |       |       |     1 |       ||     1
  Eat: Chunk             |     4 |     5 |     6 |       ||    15
       Meat ration       |       |       |     2 |       ||     2
       Fruit             |       |       |     5 |       ||     5
       Royal jelly       |       |       |     1 |       ||     1
